 Dungeon Crawl Stone Soup version 0.31.0-11-ge490571c62 (webtiles) character file.

Game seed: 3850447266390437065

76 qw the Shooter (level 4, -1/25 HPs)
             Began as a Deep Elf Hunter on Feb 4, 2024.
             Succumbed to their own poison gas
             ... on level 2 of the Dungeon.
             The game lasted 00:00:04 (1346 turns).

qw the Shooter (Deep Elf Hunter)                    Turns: 1346, Time: 00:00:05

Health: -1/25      AC:  6    Str: 10    XL:     4   Next: 12%
Magic:  6/6        EV: 12    Int: 14    God:
Gold:   140        SH:  0    Dex: 18    Spells: 3/3 levels left

rFire   . . .        a - +0 shortbow (drain)
rCold   . . .        (shield currently unavailable)
rNeg    . . .        c - +0 leather armour
rPois   .            (no helmet)
rElec   .            l - +0 cloak
rCorr   .            (no gloves)
SInv    .            k - +1 pair of boots
Will    .....        (no amulet)
Stlth   ++           (no ring)
HPRegen 0.24/turn    (no ring)
MPRegen 0.10/turn

%: no passive effects
@: lethally poisoned (-1 -> -31)
A: no striking features
a: no special abilities


You were on level 2 of the Dungeon.
You visited 1 branch of the dungeon, and saw 2 of its levels.

You collected 140 gold pieces.


   Skills:
 - Level 1.5 Fighting
 + Level 7.5 Ranged Weapons
 - Level 2.4 Dodging
 - Level 1.2 Stealth


You had 3 spell levels left.
You didn't know any spells.
Your spell library was empty.

Inventory:

Hand Weapons
 a - a +0 shortbow of draining (weapon)
Armour
 c - a +0 leather armour (worn)
 k - a +1 pair of boots (worn)
 l - a +0 cloak (worn)

Dungeon Overview and Level Annotations

Branches:
Dungeon (2/15)

Altars:

Annotations:
D:2 1 runed translucent door, Crazy Yiuf


Message History

There is a stone staircase leading down here.
Found a book of Hexes.
Found 4 stones.
You now have 140 gold pieces (gained 11).
Found a dagger.
You open the door.
There is an open door here.
Crazy Yiuf says, "Nubble snockshim head!"
Found a throwing net.
You see here a throwing net.
An endoplasm comes into view.
An endoplasm is nearby!
1341 ||| READING scroll labelled BUENID YCADGH.
The air fills with toxic fumes!
As you read the scroll labelled BUENID YCADGH, it crumbles to dust.
It was a scroll of poison.
An endoplasm is nearby!
1342 ||| READING scroll labelled TIULOUCUYX.
As you read the scroll labelled TIULOUCUYX, it crumbles to dust.
It is a scroll of brand weapon.
1342 ||| BRANDING +0 shortbow.
Your +0 shortbow craves living souls!
a - a +0 shortbow of draining (weapon)
An endoplasm is nearby!
1343 ||| READING scroll labelled DABLUKK FAPT.
As you read the scroll labelled DABLUKK FAPT, it crumbles to dust.
The air around you briefly surges with heat, but it dissipates.
It was a scroll of immolation.
An endoplasm is nearby!
An endoplasm is nearby!
Enter note:
Enter note:
Enter note: You are engulfed in poison gas.
You are poisoned.
You feel very sick.
1345 ||| Stepping ~*~*~tactically~*~*~ (cloud).
You feel very sick.
1346 ||| FLEEEEING.
You are engulfed in poison gas.
You are lethally poisoned!
You die...

..##.# #.##.#
###.##.# #+#
##.#.##.# ##.##
##..#.##.#
#.#.###...#.##.#
#.#.##....#....#
#.#.#.......####
#..J...#@#.......##
########ยค.0......#
###########


There were no monsters in sight!

Vanquished Creatures
  3 adders (D:2)
  2 dart slugs
  A ball python (D:1)
  3 endoplasms
  4 goblins
  8 hobgoblins
  A quokka (D:1)
  6 bats
  3 frilled lizards (D:2)
  5 kobolds
  8 rats
44 creatures vanquished.

Notes
Turn   | Place    | Note
-------+----------+-------------------------------------------
     0 | D:1      | qw the Deep Elf Hunter began the quest for the Orb.
     0 | D:1      | Reached XP level 1. HP: 12/12 MP: 3/3
     0 | D:1      | 0 ||| qw: Version: 0.3-a-160-g6735b56
     0 | D:1      | 0 ||| qw: Game counter: 5259
     0 | D:1      | 0 ||| qw: Melee chars always use a shield: true
     0 | D:1      | 0 ||| qw: God list: Okawaru
     0 | D:1      | 0 ||| qw: Allow faded altars: false
     0 | D:1      | 0 ||| qw: Do Orc after clearing Dungeon:15 true
     0 | D:1      | 0 ||| qw: Do second Lair branch before Depths: true
     0 | D:1      | 0 ||| qw: Lair rune preference: random
     0 | D:1      | 0 ||| qw: Goals: Normal
     0 | D:1      | 0 ||| PLANNING D:1-11
   257 | D:1      | Reached XP level 2. HP: 16/16 MP: 4/4
   264 | D:1      | Reached skill level 6 in Ranged Weapons
   671 | D:1      | Reached XP level 3. HP: 20/20 MP: 5/5
   755 | D:1      | 755 ||| UPGRADING to +0 pair of boots.
   760 | D:1      | 760 ||| UPGRADING to +0 cloak.
   765 | D:1      | 765 ||| DROPPING ring of flight.
   766 | D:1      | 766 ||| READING 2 scrolls labelled PYDDIT BEGOSMEUSOT.
   766 | D:1      | 766 ||| IDENTIFYING blue potion
   767 | D:1      | 767 ||| READING scroll of identify.
   767 | D:1      | 767 ||| IDENTIFYING 2 murky clear potions
   768 | D:1      | 768 ||| READING scroll labelled PEFILYJUPT.
   869 | D:1      | 869 ||| READING scroll labelled LIGRUTHRAXO.
   870 | D:1      | 870 ||| READING scroll labelled CUR WEPNIOVOXT.
   870 | D:1      | 870 ||| ENCHANTING +0 pair of boots.
   871 | D:1      | 871 ||| DROPPING scroll of butterflies.
   872 | D:1      | 872 ||| DROPPING 2 potions of degeneration.
   873 | D:1      | 873 ||| DROPPING potion of attraction.
  1065 | D:2      | Reached skill level 7 in Ranged Weapons
  1216 | D:2      | Reached XP level 4. HP: 25/25 MP: 6/6
  1297 | D:2      | Found a runed translucent door.
  1298 | D:2      | Noticed Crazy Yiuf
  1341 | D:2      | 1341 ||| READING scroll labelled BUENID YCADGH.
  1342 | D:2      | 1342 ||| READING scroll labelled TIULOUCUYX.
  1342 | D:2      | 1342 ||| BRANDING +0 shortbow.
  1343 | D:2      | 1343 ||| READING scroll labelled DABLUKK FAPT.
  1345 | D:2      | 1345 ||| Stepping ~*~*~tactically~*~*~ (cloud).
  1346 | D:2      | 1346 ||| FLEEEEING.
  1346 | D:2      | HP: 6/25 [cloud of poison gas (9)]
  1346 | D:2      | Succumbed to their own poison gas

Levels and vault maps discovered:
D:1:      psy_arrival_spokes, layout_basic, minmay_bisected
D:2:      layout_basic, wad_orctagon, uniq_crazy_yiuf_cottage

Skill      XL: |  1  2  3 |
---------------+----------+-----
Ranged Weapons | 6 7 |  7.5
Fighting       | |  1.5
Dodging        | |  2.4
Stealth        | |  1.2

Action                     |  1- 3 |  4- 6 || total
---------------------------+-------+-------++-------
   Fire: Shortbow          |   100 |     2 ||   102
    Use: Scroll            |     5 |     3 ||     8
 Armour: Leather armour    |    13 |       ||    13
  Dodge: Dodged            |    30 |       ||    30

Table legend:
 A = Non-vault XP
 B = Vault XP
 C = Vault XP percentage of total XP
 D = Non-vault monster count
 E = Vault monster count
 F = Vault count percentage of total count
                 A         B        C        D         E       F
            +---------+---------+-------+---------+---------+-------
      Total |     106 |       3 |   2.8 |      42 |       2 |   4.5
            +---------+---------+-------+---------+---------+-------
        D:1 |      38 |       3 |   7.3 |      23 |       2 |   8.0
        D:2 |      68 |       0 |   0.0 |      19 |       0 |   0.0
            +---------+---------+-------+---------+---------+-------
